 Dungeon Crawl Stone Soup version 0.26-a0-639-g72c4674329 (webtiles) character file.

Game seed: 11427058182850515337

352 Borgoz the Twirler (level 6, -1/38 HPs)
             Began as a Gargoyle Gladiator on Sept 17, 2020.
             Was a Follower of Ashenzari.
             Killed by divine providence
             ... invoked by an orc priest
              (14 damage)
             ... on level 4 of the Dungeon.
             The game lasted 00:04:12 (3222 turns).

Borgoz the Twirler (Gargoyle Gladiator)             Turns: 3222, Time: 00:04:13

Health: -1/38      AC: 11    Str: 24    XL:     6   Next: 62%
Magic:  6/6        EV: 12    Int:  8    God:    Ashenzari [*.....]
Gold:   158        SH:  0    Dex: 13    Spells: 5/5 levels left

rFire    + . .     SeeInvis .   a - +0 quarterstaff (curse)
rCold    . . .     Faith    .   (shield currently unavailable)
rNeg     + . .     Spirit   .   u - +0 ring mail {rF+}
rPois    ∞         Reflect  .   c - +0 helmet
rElec    +         Harm     .   (no cloak)
rCorr    .         Rampage  .   (no gloves)
MR       .....                  (no boots)
Stlth    +.........             o - amulet of the acrobat
HPRegen  0.12/turn              w - +6 ring of strength
MPRegen  0.10/turn              (no ring)

@: no status effects
A: negative energy resistance 1, electricity resistance, unbreathing,
petrification resistance, rot immunity, AC +4
a: Curse Item, Scrying, Renounce Religion


You were on level 4 of the Dungeon.
You worshipped Ashenzari.
Ashenzari was aware of your devotion.
You visited 2 branches of the dungeon, and saw 5 of its levels.

You collected 158 gold pieces.

Inventory:

Hand Weapons
 a - a cursed +0 quarterstaff (weapon)
 b - a +0 lajatang
Missiles
 d - 2 throwing nets (quivered)
Armour
 c - a +0 helmet (worn)
 u - a +0 ring mail of fire resistance (worn)
Jewellery
 o - an amulet of the acrobat (around neck)
 w - a +6 ring of strength (left hand)
Scrolls
 e - 3 scrolls of enchant armour {unknown}
 f - a scroll of fog {unknown}
 g - 2 scrolls of amnesia {unknown}
 h - a scroll of enchant weapon {unknown}
 j - 3 scrolls of remove curse
 l - a scroll of blinking {unknown}
 n - 3 scrolls of identify {unknown}
 q - a scroll of immolation {unknown}
 s - a scroll of teleportation {unknown}
 v - a scroll of noise {unknown}
Potions
 i - a potion of brilliance {unknown}
 k - 2 potions of might {unknown}
 m - a potion of lignification {unknown}
 p - a potion of heal wounds {unknown}
 r - a potion of cancellation {unknown}
 t - a potion of mutation {unknown}


   Skills:
 * Level 4.2 Fighting
 * Level 4.6 Staves
 - Level 1.7 Throwing
 * Level 3.4 Armour
 + Level 3.2 Dodging


You had 5 spell levels left.
You didn't know any spells.
Your spell library was empty.

Dungeon Overview and Level Annotations

Branches:
Dungeon (4/15)             Temple (1/1) D:4

Altars:
Ashenzari
Cheibriados
Dithmenos
Elyvilon
Fedhas
Gozag
Kikubaaqudgha
Makhleb
Nemelex Xobeh
Qazlal
Sif Muna
Trog
Uskayaw
Vehumet
Wu Jian
Xom
Zin
The Shining One


Innate Abilities, Weirdness & Mutations

You are resistant to torment.
Your stone body is resilient. (AC +4)
You are immune to poison.
You resist negative energy. (rN+)
You are resistant to electric shocks. (rElec)
You can survive without breathing.
You are immune to petrification.
You are immune to rotting.


Message History

The orc priest barely misses you.
The orc wizard casts a spell.
The orc wizard seems to speed up.
You sock the orc wizard!
You kill the orc wizard!
The orc priest barely misses you.
You hit the orc priest.
The orc priest is moderately wounded.
The orc priest mumbles some strange prayers to Beogh against you.
Beogh smites you!
You are too injured to fight recklessly!
You are too injured to fight recklessly!
Throwing (i - inventory)
d - 3 throwing nets (quivered)
Press: ? - help, Shift-Dir - straight line, f - orc priest
Aim: an orc priest, wielding a +0 flail (moderately wounded)
You throw a throwing net.
The throwing net closely misses the orc priest.
The orc priest mumbles some strange prayers to Beogh against you.
Beogh smites you!
You die...

###....##### ####
#........## #...#
#†######..#
#..####.#######.#
#........>.....# #
##.....####§..## #
#.#######...§§###
#######.# ##§§..§.§##
#....)@.#####§§§...§§§#
#....o.........§....§§.
###########.§§..§_.....
#.§§§§§.§§§.§
###§§§...§§.#
##....§§§## ##§.§§§###
##...#### #.......


You could see an orc priest.

Vanquished Creatures
  A scorpion (D:4)
  A bullfrog zombie (D:4)
  An orc priest (D:4)
  2 orc wizards (D:4)
  A centaur skeleton (D:4)
  5 adders
  3 oozes
  An adder skeleton (D:4)
  A worm (D:4)
  2 dart slugs
  A leopard gecko (D:4)
  8 orcs
  A ball python (D:3)
  9 bats
  9 giant cockroaches
  12 goblins
  7 hobgoblins
  5 kobolds
  4 frilled lizards
  12 rats
86 creatures vanquished.

Notes
Turn   | Place    | Note
-------+----------+-------------------------------------------
     0 | D:1      | Borgoz the Gargoyle Gladiator began the quest for the Orb.
     0 | D:1      | Reached XP level 1. HP: 12/12 MP: 1/1
   109 | D:1      | Reached XP level 2. HP: 13/18 MP: 2/2
   238 | D:1      | Reached skill level 1 in Armour
   465 | D:1      | Reached XP level 3. HP: 22/22 MP: 3/3
  1041 | D:2      | Reached XP level 4. HP: 28/28 MP: 4/4
  1091 | D:2      | Found a faded altar of an unknown god.
  1408 | D:2      | Found a shattered altar of Ashenzari.
  1468 | D:2      | Became a worshipper of Ashenzari the Shackled
  1878 | D:3      | Reached XP level 5. HP: 31/32 MP: 5/5
  2183 | D:3      | Found a radiant altar of Vehumet.
  2689 | D:4      | Found a shadowy altar of Dithmenos.
  2690 | D:4      | Reached * piety under Ashenzari
  2884 | D:4      | Reached XP level 6. HP: 36/38 MP: 6/6
  2889 | D:4      | Found a staircase to the Ecumenical Temple.
  2898 | Temple   | Entered the Ecumenical Temple
  3222 | D:4      | Killed from afar by an orc priest

Illustrated notes

Levels and vault maps discovered:
D:1:      minmay_arrival_doors, layout_loops_ring, feat_on_display
D:2:      layout_basic, nicolae_ashenzari_panopticon,
          chequers_ecumenical_altar_simple_redux, grunt_decor_resistance,
          minmay_ruptured
D:3:      layout_basic, lemuel_tele_altar
D:4:      layout_rooms, temple_fountains, nicolae_dithmenos_the_darkroom
Temple:   eino_temple_scatter_basement

Skill      XL: |  1  2  3  4  5  6 |
---------------+-------------------+-----
Armour         | 1 2 3 |  3.4
Fighting       | 3 4 |  4.2
Staves         | 4 |  4.6
Dodging        | 3 |  3.2
Throwing       | |  1.7

Action                   |  1- 3 |  4- 6 || total
-------------------------+-------+-------++-------
Melee: Quarterstaff      |   121 |   153 ||   274
Throw: Throwing net      |       |     1 ||     1
Invok: Curse Item        |       |     1 ||     1
Armor: Leather armour    |    30 |       ||    30
       Scale mail        |    35 |    28 ||    63
       Ring mail         |       |    34 ||    34
Dodge: Dodged            |    80 |   108 ||   188

Table legend: (Time is in decaauts)
 A = Elapsed time spent in this place.
 B = Non-inter-level travel time spent in this place.
 C = Inter-level travel time spent in this place.
 D = Time resting spent in this place.
 E = Time spent auto-exploring this place.
 F = Levels seen in this place.
 G = Mean time per level.
                   A        B        C        D        E       F      G
               +--------+--------+--------+--------+--------+-----+--------+
         Total |   3252 |   3069 |    183 |    205 |   2237 |   5 |  650.4 |
       Dungeon |   3114 |   2950 |    164 |    205 |   2119 |   4 |  778.5 |
        Temple |    137 |    118 |     19 |      0 |    118 |   1 |  137.0 |
               +--------+--------+--------+--------+--------+-----+--------+

Top non-repeatable levels by time:
     D:2: 940 daAuts
     D:3: 876 daAuts
     D:1: 851 daAuts
     D:4: 447 daAuts
  Temple: 137 daAuts
